[Event "*** SCC Grand Prix: Titled Tuesday Blitz"]
[Site "Chess.com"]
[Date "2020.08.04"]
[Round "5"]
[White "guillembaches"]
[Black "davidkalashian"]
[Result "1-0"]
[WhiteElo "2425"]
[BlackElo "2564"]
[TimeControl "180+1"]
[EndTime "14:41:02 PDT"]
[Termination "guillembaches won on time"]

1. e4 c5 2. Nf3 a6 3. c4 e6 4. Nc3 Nc6 5. Be2 Nf6 6. O-O d6 7. d4 cxd4 8. Nxd4 Be7 9. Be3 O-O 10.
f3 Bd7 11. Qd2 Rc8 12. Rfd1 Qc7 13. Rac1 Nxd4 14. Bxd4 Qb8 15. a4 e5 16. Bf2 Be6 17. Nd5 Nxd5 18. exd5 Bd7 19. a5 Bd8 20. b4 h6 21. c5 Ba4 22. Re1 Be7 23. c6 bxc6 24. Bxa6 Rc7 25. dxc6 Rxc6 26. Rxc6 Bxc6 27. b5 Bxb5 28.
Rb1 Bxa6 29. Rxb8 Rxb8 30. Bb6 Rc8 31. h3 Bg5 32. Qxd6 Rc1+ 33. Kh2 Bf4+ 34. g3 Rc2+ 35. Kg1 Bxg3 36. Qd8+ Kh7 37. Qa8 Bc4 38. a6 Bd3 39. a7 Bh2+ 40. Kh1 Bf4 41. Qd5 Rc1+ 42. Kg2 Rc2+ 43. Bf2 Bf5 44. a8=Q Be3 45. Qxe5 Rxf2+ 46. Kg3 1-0

[Event "*** SCC Grand Prix: Titled Tuesday Blitz"]
[Site "Chess.com"]
[Date "2020.08.04"]
[Round "5"]
[White "peixe64"]
[Black "realmadridtv"]
[Result "1/2-1/2"]
[WhiteElo "2326"]
[BlackElo "2477"]
[TimeControl "180+1"]
[EndTime "14:41:06 PDT"]
[Termination "Game drawn - insufficient material"]

1. e4 e5 2. Nf3 Nc6 3. Bb5 a6 4. Ba4 Nf6 5. O-O Nxe4 6. d4 Be7 7. Re1 b5 8. Bb3 d5 9. dxe5 Be6 10. c3 O-O 11. Nbd2 Nc5 12. Bc2 d4 13. Nf1 dxc3 14.
bxc3 Qxd1 15. Rxd1 Rad8 16. Be3 Bg4 17. Rxd8 Rxd8 18. N1d2 Nd7 19. Bd4 Ba3 20. h3 Be6 21.
Re1 Nf8 22. Nb3 a5 23. Bc5 Bxb3 24. Bxf8 Bxc2 25. Bxa3 Rd1 26. Rxd1 Bxd1 27. Nd4 Nxe5 28. Nxb5 c6 29. Nd4 f6 30. Bd6 Nc4 31. Bc7 a4 32. Nxc6 Bb3 33. Na5 Nxa5 34. Bxa5 Bxa2 35. Bb4 Kf7 36. Kf1 Ke6 37. Ke1 Kd5 38. Kd2 Kc4 39.
Kc2 Bb3+ 40. Kb2 Kd3 41. g3 Ke2 42. Bc5 Kf3 43. h4 g5 44. hxg5 fxg5 45. Ka3 h5 46. Be7 Kg4 47. Kb4 Kf5 48. Bd8 Kg4 49. Be7 h4 50. gxh4 gxh4 51. Bxh4 Kxh4 52. c4 Bxc4 53. Kxa4 Kg4 54. Kb4 Kf3 55. Kxc4 Kxf2 1/2-1/2

[Event "*** SCC Grand Prix: Titled Tuesday Blitz"]
[Site "Chess.com"]
[Date "2020.08.04"]
[Round "5"]
[White "Zurability"]
[Black "Fandorine"]
[Result "0-1"]
[WhiteElo "2682"]
[BlackElo "2900"]
[TimeControl "180+1"]
[EndTime "14:41:08 PDT"]
[Termination "Fandorine won by resignation"]

1. c4 g6 2. e4 Bg7 3. d4 d6 4.
Nc3 Nf6 5. Nf3 O-O 6. Be2 Na6 7. Bf4 Bg4 8. e5 Nd7 9. exd6 exd6 10. O-O Nf6 11.
h3 Bd7 12. a3 Re8 13. Bd3 Nb8 14. d5 a5 15. Rc1 Na6 16. b3 Nc5 17. Bc2 Nfe4 18.
Nxe4 Nxe4 19. Re1 Qf6 20. Be3 Nc5 21. b4 axb4 22. axb4 Na6 23. Bd4 Qf4 24. Rxe8+ Rxe8 25. Rb1 h5 26. g3 Qh6 27. Kg2 Qh8 28. Qd2 Bxd4 29.
Nxd4 Qf6 30. h4 Re5 31. Rb3 Bg4 32. Bb1 Qe7 33. Bc2 Nb8 34. b5 Nd7 35. f3 Nc5 36.
fxg4 Nxb3 37. Bxb3 hxg4 38. Bd1 Re4 39. Qd3 Re3 40.
Qd2 Qe5 41. Ne2 Re4 42. Qd3 Re3 43. Qd2 Qe4+ 44. Kg1 Rd3 45. Qf4 Rxd1+ 46. Kf2 Qxf4+ 47. Nxf4 Rc1 48. b6 cxb6 49. Ke3 Rxc4 50. Nd3 b5 0-1

[Event "*** SCC Grand Prix: Titled Tuesday Blitz"]
[Site "Chess.com"]
[Date "2020.08.04"]
[Round "5"]
[White "killer311"]
[Black "Fighter008"]
[Result "0-1"]
[WhiteElo "2421"]
[BlackElo "2615"]
[TimeControl "180+1"]
[EndTime "14:41:08 PDT"]
[Termination "Fighter008 won by resignation"]

1. d4 c5 2. d5 d6 3. c4 e5 4. Nc3 g6 5. g3 Bg7 6. Bg2 f5 7.
e4 Nf6 8. exf5 gxf5 9. Bg5 O-O 10. h4 h6 11. Bd2 Nbd7 12. Qc2 e4 13. Nh3 Ne5 14. Nf4 Nxc4 15. O-O Ne5 16. Rfe1 Rb8 17. a4 Qe7 18. Nd1 Qf7 19. Ne3 b6 20. Bc3 a6 21.
Red1 b5 22. axb5 axb5 23. b3 Ng6 24. Nxg6 Qxg6 25. Ra7 Bb7 26. Bh3 Nh5 27. Ng2 f4 28. Bxg7 Nxg7 29. gxf4 Rxf4 30. Kh2 Rf3 31. Rg1 Qf6 32.
Qxe4 Re8 33. Qg4 Bxd5 34. Qxg7+ Qxg7 35. Rxg7+ Kxg7 36. Nf4+ Kf7 37. Nxd5 Rxf2+ 38. Kh1 Ree2 39. Bg2 Rb2 40. Nc7 b4 41. Nb5 Ke7 42. Re1+ Rfe2 43. Rxe2+ Rxe2 44. Bd5 Rd2 45. Bc4 Kf6 46. Nc7 Ke5 47.
Nd5 Rxd5 48. Bxd5 Kxd5 49. Kg2 c4 50. bxc4+ Kxc4 51. Kf3 b3 0-1

[Event "*** SCC Grand Prix: Titled Tuesday Blitz"]
[Site "Chess.com"]
[Date "2020.08.04"]
[Round "5"]
[White "XDPS"]
[Black "GM_dmitrij"]
[Result "1-0"]
[WhiteElo "2689"]
[BlackElo "2863"]
[TimeControl "180+1"]
[EndTime "14:41:12 PDT"]
[Termination "XDPS won by resignation"]

1. e4 c5 2. Nf3 d6 3. d4 cxd4 4.
Nxd4 Nf6 5. Nc3 Nc6 6. Be2 e5 7. Nf3 h6 8. O-O Be7 9. h3 O-O 10. Re1 a6 11. Bf1 Qc7 12. Nd5 Nxd5 13. exd5 Nb4 14.
c3 Nxd5 15. Qxd5 Be6 16. Qd1 f6 17. Nd4 Bf7 18. Nf5 Kh8 19. Qg4 Rg8 20. Nxe7 Qxe7 21.
f4 Be6 22. Qg3 Qf7 23. b3 g5 24. fxe5 dxe5 25. c4 Rad8 26. Bb2 Bf5 27. Rad1 Kh7 28.
Qf3 Bg6 29. Bd3 Rge8 30. Bxg6+ Kxg6 31. Rf1 Rxd1 32. Qf5+ Kg7 33. Rxd1 Re7 34. Rd6 h5 35. Bc3 Rc7 36. Ba5 b6 37. Bxb6 Rb7 38. Bd8 Qg6 39.
Bxf6+ Kf7 40. Qxg6+ Kxg6 41. Bxe5+ Kf5 42. Bd4 a5 43.
Rd5+ Ke4 44. Bf2 a4 45. Rxg5 axb3 46. axb3 Rxb3 47. Rxh5 Rc3 48. c5 Rc1+ 49. Kh2 Rc2 50. Bg3 Rc3 51. Bd6 Rc2 52. Rh4+ Kf5 53. Rf4+ Kg5 54.
Rf3 Rc4 55. Rg3+ Kh5 56. Rf3 Rc2 57. Be7 Rc4 58. Rd3 Kg6 59. Bd6 Kf5 60. Rd1 Rc2 61.
Bf8 Kg6 62. Rd8 Kf7 63. Rc8 Ke6 64. c6 Rf2 65. Bh6 Rf7 66. c7 Kd7 67. Rg8 Kxc7 68. Rg7 Rxg7 69. Bxg7 Kd7 70. Bb2 Ke6 71. g4 Kd5 72.
Kg3 Ke6 73. h4 Kf7 74. h5 Kf8 75. Kh4 Kg8 76. g5 Kh7 77. g6+ Kg8 78. Kg5 1-0

[Event "*** SCC Grand Prix: Titled Tuesday Blitz"]
[Site "Chess.com"]
[Date "2020.08.04"]
[Round "5"]
[White "rududuyk"]
[Black "Hangar-18"]
[Result "0-1"]
[WhiteElo "2067"]
[BlackElo "2352"]
[TimeControl "180+1"]
[EndTime "14:41:20 PDT"]
[Termination "Hangar-18 won on time"]

1. e4 c5 2. Nc3 e6 3. f4 a6 4. Nf3 b5 5. a4 b4 6. Ne2 Bb7 7. d3 d5 8. e5 h5 9. g3 Nh6 10.
Bg2 Nf5 11. O-O a5 12. h3 Be7 13. Kh2 Nd7 14. c3 Ba6 15. d4 Qb6 16. Re1 Rc8 17.
dxc5 Nxc5 18. Ned4 Nd3 19. Nxf5 Nxe1 20. Nxg7+ Kf8 21.
Nxe6+ fxe6 22. Qxe1 bxc3 23. bxc3 Bd3 24. Nd4 Bc5 25. Be3 Kf7 26. Qd2 Be4 27. Bxe4 dxe4 28. Rf1 Bxd4 29. Bxd4 Qc6 30. f5 Rcg8 31. fxe6+ Ke7 32.
Qf4 Qxe6 33. Qxe4 Rc8 34. Qb7+ Ke8 35. Qb5+ Qd7 36. Qxa5 Rf8 37. Rxf8+ Kxf8 38. Qb4+ Ke8 39. a5 Qd5 40. Qa4+ Qc6 41. Qxc6+ Rxc6 42. Kg2 Kd7 43. Kf3 Ke6 44. Kf4 Rc4 45. Kg5 Ra4 46. Kxh5 Rxa5 47. g4 Ra2 48. g5 Rh2 49. h4 Kf5 50.
c4 Rh1 51. c5 Rc1 52. Be3 Rc3 53. Bf2 Rc4 54. g6 Rg4 0-1

[Event "*** SCC Grand Prix: Titled Tuesday Blitz"]
[Site "Chess.com"]
[Date "2020.08.04"]
[Round "5"]
[White "Alberquintin"]
[Black "chessuriel"]
[Result "1-0"]
[WhiteElo "2468"]
[BlackElo "2270"]
[TimeControl "180+1"]
[EndTime "14:41:23 PDT"]
[Termination "Alberquintin won on time"]

1. e4 c5 2. Nf3 Nc6 3. d4 cxd4 4. Nxd4 e6 5. Nc3 Qc7 6. Be3 Nf6 7. Be2 a6 8. O-O Bb4 9. Nxc6 bxc6 10. f4 Bxc3 11. bxc3 Nxe4 12. Bd3 Nf6 13. Bd4 d6 14. Qf3 Rb8 15. Qg3 Kf8 16. c4 c5 17. Bc3 Bb7 18. Rab1 Bc6 19. Rxb8+ Qxb8 20. Re1 Qb7 21. h3 h5 22. Qg5 Qe7 23. Re3 Ne8 24. Qg3 h4 25.
Qf2 Qb7 26. Re1 Nf6 27. Qf1 Nh5 28. Rb1 Qc7 29. Qf2 Ng3 30. Qe1 Bb7 31. Ba5 Qc6 32.
Qf2 Rh5 33. Rb6 Qa4 34. Bc3 Bc6 35. Rb8+ Be8 36. Kh2 Qc6 37. Qe3 Qc7 38. Rb1 Bd7 39. Be1 Nf5 40. Be2 Rh6 41. Qb3 Be8 42. Qa3 Qc6 43. Rb8 Qe4 44. Qa4 g6 45. Qxe8+ Kg7 46. Qf8+ Kf6 47. Qd8+ Kg7 48. Qf8+ Kf6 49. Bc3+ Nd4 50.
Qd8+ Kg7 51. Qg8+ Kf6 52. Bf3 Qf5 53. Qd8+ Kg7 54. Qxd6 1-0

[Event "*** SCC Grand Prix: Titled Tuesday Blitz"]
[Site "Chess.com"]
[Date "2020.08.04"]
[Round "5"]
[White "Jenia84"]
[Black "FMOlexandrProhorov"]
[Result "1-0"]
[WhiteElo "2359"]
[BlackElo "2112"]
[TimeControl "180+1"]
[EndTime "14:41:24 PDT"]
[Termination "Jenia84 won on time"]

1. Nf3 Nf6 2. b3 g6 3. Bb2 Bg7 4. c4 O-O 5. Nc3 d6 6. e3 e5 7. Be2 Re8 8. O-O Nc6 9. d4 exd4 10. Nxd4 Nxd4 11. exd4 d5 12. Bf3 c6 13. h3 Bf5 14. Qd2 Ne4 15. Nxe4 Bxe4 16. Bxe4 Rxe4 17. Rfe1 f5 18. f3 Rxe1+ 19. Rxe1 Qd7 20. Qe3 Kf7 21. cxd5 cxd5 22. Qf4 Bf6 23. Rc1 Rc8 24. Rxc8 Qxc8 25.
Qd6 Qc6 26. Qxc6 bxc6 27. Kf2 Ke6 28. Ke3 Be7 29. Bc3 Bd6 30. Ba5 Kf6 31. b4 a6 32.
Bd8+ Ke6 33. a3 Bf8 34. Bh4 Bd6 35. Be1 Kd7 36. Kd3 Kc7 37. Bd2 Kb6 38. Kc3 Kb5 39. Kb3 Kb6 40. a4 Bb8 41. Kc3 Bg3 42. Kd3 Bd6 43. Bc3 Be7 44. Bd2 Bd6 45. Ke3 Kb7 46. g4 fxg4 47. hxg4 Kc8 48. a5 Kd7 49. f4 Ke6 50.
Kf3 Be7 51. Kg3 h5 52. f5+ gxf5 53. gxh5 Bf6 54. Bc3 Bg7 55. Kf3 Bh6 56. Be1 Kf6 57. Bh4+ Ke6 58. Bg3 Kf6 59. Bf4 Bf8 60. Bd2 1-0

[Event "*** SCC Grand Prix: Titled Tuesday Blitz"]
[Site "Chess.com"]
[Date "2020.08.04"]
[Round "5"]
[White "Bastiandash"]
[Black "gisela_roque"]
[Result "1-0"]
[WhiteElo "2310"]
[BlackElo "1853"]
[TimeControl "180+1"]
[EndTime "14:41:26 PDT"]
[Termination "Bastiandash won on time"]

1. e4 e6 2. d4 d5 3. Bd3 dxe4 4. Bxe4 Nf6 5. Bf3 c5 6. Ne2 Nc6 7. Be3 cxd4 8. Nxd4 Ne5 9. O-O Nxf3+ 10. Qxf3 Be7 11. Nc3 O-O 12. Rad1 Bd7 13. Rfe1 Qc8 14. Rd2 a6 15. Bf4 Bc6 16. Nxc6 Qxc6 17. Qxc6 bxc6 18. b3 Rfd8 19. Red1 Rxd2 20. Rxd2 Rd8 21. Kf1 Nd5 22. Ne2 Nxf4 23. Rxd8+ Bxd8 24. Nxf4 Kf8 25. Nd3 Be7 26. Ke2 Bd6 27. h3 Ke7 28. Ke3 e5 29. f3 f5 30.
Nb2 Ke6 31. Nc4 Bc5+ 32. Kd3 Kd5 33. c3 e4+ 34. fxe4+ fxe4+ 35. Ke2 Be7 36. Ne3+ Ke6 37. Nc4 Bf6 38. Nd2 Kf5 39. c4 Bc3 40. Nf1 Kf4 41. Ne3 Kg3 42. Kf1 g6 43. Nd1 Bd4 44. a3 e3 45. b4 Kf4 46. Ke2 Ke4 47. g3 Be5 48. g4 Bd6 49. Nxe3 a5 50. bxa5 Bxa3 51. Nc2 Bc5 52. Kd2 1-0

[Event "*** SCC Grand Prix: Titled Tuesday Blitz"]
[Site "Chess.com"]
[Date "2020.08.04"]
[Round "5"]
[White "Lion-Al-Messi"]
[Black "j_coca"]
[Result "1-0"]
[WhiteElo "2484"]
[BlackElo "2314"]
[TimeControl "180+1"]
[EndTime "14:41:27 PDT"]
[Termination "Lion-Al-Messi won on time"]

1. e4 Nf6 2. e5 Nd5 3. d4 d6 4. Nf3 Bg4 5. Be2 Nc6 6. O-O e6 7. c4 Nb6 8. exd6 cxd6 9. b3 Be7 10. Bb2 d5 11. c5 Nd7 12. Nbd2 O-O 13. h3 Bh5 14. a3 a6 15. b4 Kh8 16. Re1 Bf6 17. Nf1 Rc8 18. Ng3 Bg6 19. Qb3 Ne7 20. a4 Nf5 21. Nxf5 Bxf5 22. b5 axb5 23. axb5 Be4 24. Ra7 Rc7 25. b6 Qb8 26. Rea1 Rcc8 27. Qb5 Rfd8 28. R1a3 h6 29. Bc3 Rc6 30. Qa4 e5 31. dxe5 Nxe5 32. Nxe5 Bxe5 33. Bxe5 Qxe5 34. Qb4 Rg6 35. Bf3 d4 36. Qd2 d3 37. Bxe4 Qxe4 38.
f3 Qd4+ 39. Kh2 Qxc5 40. Ra8 Qxb6 41. Rxd8+ Qxd8 42. Rxd3 Qc7+ 43. Kh1 b5 44. Rd8+ Kh7 45. Rd4 Qe5 46. f4 Qf5 47. Kh2 h5 48. Rb4 h4 49. Qf2 Rg3 50. Rb2 g5 51. Qe2 Qxf4 52. Kh1 g4 53. Qxb5 Kg6 54. Qc6+ f6 55. Qc2+ Kh6 56.
Rb7 1-0

[Event "*** SCC Grand Prix: Titled Tuesday Blitz"]
[Site "Chess.com"]
[Date "2020.08.04"]
[Round "5"]
[White "mishikomchedlishvili"]
[Black "Firouzja2003"]
[Result "0-1"]
[WhiteElo "2759"]
[BlackElo "3021"]
[TimeControl "180+1"]
[EndTime "14:41:33 PDT"]
[Termination "Firouzja2003 won on time"]

1. d4 Nf6 2. Bg5 d6 3. Nc3 g6 4.
e4 Bg7 5. Qd2 h6 6. Bf4 Nc6 7.
Bb5 Bd7 8. Nf3 a6 9. Be2 g5 10. Be3 Ng4 11. O-O-O Nxe3 12. Qxe3 e6 13. h3 Qe7 14. Kb1 b5 15. Bd3 b4 16. Ne2 a5 17.
Ng3 h5 18. Bb5 Bh6 19. Qd3 h4 20. Ne2 Bg7 21. Rhe1 Rb8 22. d5 Ne5 23. Bxd7+ Qxd7 24. Nxe5 Bxe5 25. Nd4 Bxd4 26. Qxd4 e5 27. Qc4 f6 28. Rd3 Kf7 29. Rf3 Kg7 30. Ree3 Rh6 31. Rf5 Rb5 32.
Ref3 Rc5 33. Qd3 Qb5 34. Qxb5 Rxb5 35. c4 Rb8 36. Rd3 Rg6 37. f3 Kf7 38. Rd2 Ke7 39.
Kc2 Rgg8 40. Kd3 Rbc8 41. c5 Rb8 42. Rc2 Rgc8 43. Rc4 Ra8 44. Kc2 Ra6 45. Kb3 a4+ 46. Kxb4 Rb8+ 47. Ka3 Ra7 48. c6 Ra5 49. Rc3 Rab5 50.
Rc2 Rb4 51. Rd2 Rc4 52. Re2 Rd4 53. Rc2 Rb5 54. Re2 Rb6 55. Rc2 Rb8 56. Re2 Ra8 57. Rc2 Rd3+ 58. Rc3 Rd2 0-1

[Event "*** SCC Grand Prix: Titled Tuesday Blitz"]
[Site "Chess.com"]
[Date "2020.08.04"]
[Round "5"]
[White "GigaQuparadze"]
[Black "BeanScreen"]
[Result "0-1"]
[WhiteElo "2921"]
[BlackElo "2727"]
[TimeControl "180+1"]
[EndTime "14:41:33 PDT"]
[Termination "BeanScreen won by checkmate"]

1. e4 e5 2. Nf3 Nc6 3. Bb5 a6 4.
Ba4 d6 5. c3 Nf6 6. d4 b5 7.
Bb3 Be7 8. Be3 O-O 9. O-O Bb7 10. Nbd2 Re8 11. dxe5 Nxe5 12. Re1 Nxe4 13. Nxe5 dxe5 14. Qh5 g6 15. Bxf7+ Kxf7 16. Qxh7+ Kf6 17. Qh4+ Kg7 18.
Qh6+ Kf7 19. Qh7+ Kf6 20. Nxe4+ Bxe4 21. Bg5+ Kxg5 22. Rxe4 Kf6 23. Rg4 Qd3 24. Rg3 Qf5 25. Qh6 Rh8 26. Qe3 Kg7 27. Re1 Bd6 28. Rf3 Qh5 29. Rh3 Qg4 30. Rg3 Qf4 31. Qd3 Rh6 32.
h3 Rf8 33. Qe2 e4 34. Qe3 Qxe3 35. Rgxe3 Bc5 36. R3e2 Rh5 37. Rd1 Rhf5 38. Rd7+ Kh6 39. Rxe4 Rxf2 40. Rh4+ Kg5 41. Rg4+ Kh6 42. Rh4+ Kg5 43.
Rg4+ Kf6 44. Rxc7 Rf5+ 45. Rd4 Bxd4+ 46. cxd4 Re8 47. g4 Rf4 48. d5 Rd4 49. Rc6+ Kg5 50. d6 Rd2 51. Kf1 Re6 52. Rxa6 Rexd6 53. Ra5 R6d5 54.
a4 Kf4 55. axb5 Rd1+ 56. Ke2 R5d2# 0-1

[Event "*** SCC Grand Prix: Titled Tuesday Blitz"]
[Site "Chess.com"]
[Date "2020.08.04"]
[Round "5"]
[White "VladaSviridova"]
[Black "Tactictic"]
[Result "0-1"]
[WhiteElo "2170"]
[BlackElo "2389"]
[TimeControl "180+1"]
[EndTime "14:41:34 PDT"]
[Termination "Tactictic won on time"]

1. d4 Nf6 2. c4 e6 3. Nf3 d5 4. Nc3 Be7 5. Bf4 O-O 6. e3 c5 7. cxd5 Nxd5 8. Nxd5 exd5 9. dxc5 Bxc5 10. Bd3 Qa5+ 11.
Nd2 d4 12. e4 Nc6 13. a3 Qd8 14. O-O Bd6 15. Bxd6 Qxd6 16. Nc4 Qe7 17. Re1 Be6 18. Rc1 Rfd8 19. f4 Rac8 20. e5 Bxc4 21. Rxc4 b5 22.
Rc1 b4 23. a4 Qe6 24. Qf3 Na5 25. f5 Qb3 26. f6 g6 27. Qf4 Rxc1 28. Qxc1 Kh8 29.
Qh6 Rg8 30. Be4 Qe6 31. Bf3 Nc4 32. h4 Nxb2 33. h5 d3 34. hxg6 Rxg6 35. Qf8+ Rg8 36. Qh6 d2 37. Qxd2 Nc4 38. Qd4 Qb6 39. Qxb6 axb6 40.
Bd5 Nd2 41. Rd1 Rd8 42. Rxd2 b3 43. Kf2 b2 44. Rxb2 Rxd5 45. Rxb6 h5 46. Ra6 Rxe5 47. a5 Kh7 48. Kg3 Kg6 49. Kf4 Rf5+ 50. Ke4 Rg5 51. Kf3 Rb5 52. Ra8 Rb3+ 53. Kf4 Kxf6 54. a6 Ra3 55. a7 Kg7 56. Kg5 Ra5+ 57. Kh4 f6 58. g3 Ra6 59. Kxh5 Ra4 0-1

[Event "*** SCC Grand Prix: Titled Tuesday Blitz"]
[Site "Chess.com"]
[Date "2020.08.04"]
[Round "5"]
[White "dalmatinac101"]
[Black "1stSecond"]
[Result "0-1"]
[WhiteElo "2713"]
[BlackElo "2855"]
[TimeControl "180+1"]
[EndTime "14:41:39 PDT"]
[Termination "1stSecond won on time"]

1. e4 e5 2. Nf3 Nc6 3. Bb5 a6 4. Ba4 Nf6 5. O-O Be7 6. Re1 b5 7. Bb3 d6 8. c3 O-O 9. h3 Bb7 10.
d3 Na5 11. Bc2 c5 12. Nbd2 Re8 13. Nf1 Bf8 14. Bg5 h6 15. Bh4 Be7 16. Ne3 Nh7 17.
Bg3 Rc8 18. a4 b4 19. cxb4 cxb4 20. d4 Bf6 21. Ng4 exd4 22. Rc1 b3 23. Bd3 Rxc1 24.
Qxc1 Ng5 25. Nxf6+ Qxf6 26. Nxg5 hxg5 27. Qc7 Qd8 28. Bxd6 Qxc7 29. Bxc7 Nc6 30. Bd6 Ne5 31. Bxe5 Rxe5 32. Rc1 g6 33. f3 Kg7 34. Rc7 Ba8 35.
Bxa6 Kh6 36. Rxf7 Rc5 37. Ra7 Bc6 38. Rc7 Rc2 39. Kh2 Bxa4 40. Rd7 Rxb2 41. Rxd4 Bc6 42.
Rb4 Bd7 43. Bc4 Rc2 44. Bxb3 Rb2 45. Rd4 Bb5 46. Bc4 Rb4 47. Bxb5 Rxd4 48. Bc6 Rd2 49. Kg3 Kh7 50. Bd5 Kg7 51. Be6 Kf6 52. Bc4 Ke5 53. Bf1 Rc2 54. Kg4 Rf2 0-1

[Event "*** SCC Grand Prix: Titled Tuesday Blitz"]
[Site "Chess.com"]
[Date "2020.08.04"]
[Round "5"]
[White "MF1966Idrisov"]
[Black "RaunakSadhwani2005"]
[Result "0-1"]
[WhiteElo "2345"]
[BlackElo "2945"]
[TimeControl "180+1"]
[EndTime "14:41:40 PDT"]
[Termination "RaunakSadhwani2005 won by resignation"]

1. Nf3 d5 2. b3 f6 3. d4 e6 4.
Bb2 Bd6 5. g3 Ne7 6. Bg2 O-O 7.
O-O c6 8. c4 Nd7 9. Nc3 f5 10.
Bc1 Nf6 11. Bf4 Ng6 12. Bxd6 Qxd6 13. e3 Bd7 14. a3 Rae8 15. Ne2 Ne4 16. Qc2 Rd8 17. Nf4 Be8 18. b4 Qe7 19. Rad1 Nd6 20. Nxg6 Bxg6 21. Ne5 dxc4 22. Nxc4 f4 23. Qb3 f3 24.
Bh3 Nxc4 25. Qxc4 Rf6 26. Rfe1 Be4 27. Bf1 Rh6 28. Qc5 Qf7 29. Qe5 Bd5 30. e4 Rh5 31. Qf4 Qxf4 32. gxf4 Bb3 33. Rd3 Bc4 34. Rxf3 Bxf1 35.
Rxf1 Rxd4 36. Re1 Kf7 37. Ree3 Rb5 38. e5 a5 39. bxa5 Rxa5 40. Kg2 g6 41. h4 Rad5 42.
Rb3 b5 43. Rbc3 c5 44. Rb3 c4 45. Rb4 Rd3 46. a4 bxa4 47. Rxc4 Rxf3 48. Kxf3 Ra5 49. Rc7+ Kf8 50. Rc2 a3 51. Ra2 Kg7 52. Kg4 Kh6 53.
Kh3 Ra4 54. Kg3 Kh5 55. f3 Kh6 56. Kh3 Kg7 57. Kg4 h5+ 58. Kg3 Kf7 59. Kf2 Ke7 60. Ke3 Kd7 61. Ke2 Kc6 62. Kd2 Kd5 63. Kc2 Kc4 64. Kb1 Kb3 65. Rg2 Rd4 66. Rg1 a2+ 67.
Ka1 Rd2 68. Re1 Rd3 69. Rf1 Rc3 70. Rg1 Rxf3 71. Re1 Rxf4 72. Re3+ Kc4 73. Kxa2 Rxh4 74. Kb2 Kd5 75. Rg3 Rg4 0-1

[Event "*** SCC Grand Prix: Titled Tuesday Blitz"]
[Site "Chess.com"]
[Date "2020.08.04"]
[Round "5"]
[White "Guenplen"]
[Black "RitvarsReimanis"]
[Result "1-0"]
[WhiteElo "2844"]
[BlackElo "2506"]
[TimeControl "180+1"]
[EndTime "14:41:43 PDT"]
[Termination "Guenplen won on time"]

1. d4 Nf6 2. Bf4 e6 3. e3 d5 4. Nd2 Bd6 5. Bg3 c5 6. Bb5+ Nc6 7. c3 a6 8. Bxc6+ bxc6 9. Qa4 Bxg3 10. hxg3 cxd4 11.
cxd4 Bd7 12. Qa3 Qe7 13. Qc3 O-O 14. Ngf3 Rab8 15. Ne5 Rfc8 16. Rc1 Be8 17. O-O a5 18. Nd3 Qa7 19. Nc5 Nd7 20. Nxd7 Bxd7 21. Nb3 Be8 22. Nc5 Rb5 23. b3 Rcb8 24. Rc2 Qe7 25. Rfc1 f6 26. Qd2 e5 27. Rc3 h6 28. Qd1 g5 29. Qg4 Kg7 30. Qf5 Qf7 31. dxe5 fxe5 32. Qxe5+ Qf6 33. Qe6 Kg6 34. g4 Kg7 35. Qf5 Qxf5 36.
gxf5 Kf6 37. Ne6 R8b7 38. Nd4 R5b6 39. g4 h5 40. gxh5 Bxh5 41. Rxc6+ Ke5 42. f3 a4 43. bxa4 Bxf3 44. Nxf3+ Kxf5 45. Rxb6 Rxb6 46. a5 Rb5 47. Nd4+ Ke4 48. Nxb5 g4 49. a6 Kxe3 50. a7 Kd2 51.
Rc5 d4 52. Nxd4 g3 53. Nb5 g2 54. a4 Kd3 55. Kxg2 Ke4 56. Kg1 Kf4 57. Kf1 Ke3 58.
Ke1 Kd3 59. Kd1 Ke3 60. Kc2 Ke4 61. Kb3 Kf4 62. Kb4 Ke3 63. a5 Kd3 64. a6 Kd2 65.
Rc3 Kd1 66. Kc4 Ke1 67. Rc2 Kd1 68. Kc3 Ke1 69. Kb2 Kf1 70. Na3 Kg1 71. Rd2 1-0

[Event "*** SCC Grand Prix: Titled Tuesday Blitz"]
[Site "Chess.com"]
[Date "2020.08.04"]
[Round "5"]
[White "DaggiGretarsson"]
[Black "MichailovM"]
[Result "1-0"]
[WhiteElo "2616"]
[BlackElo "2423"]
[TimeControl "180+1"]
[EndTime "14:41:43 PDT"]
[Termination "DaggiGretarsson won on time"]

1. d4 Nf6 2. c4 g6 3. Nc3 Bg7 4. e4 d6 5. f4 O-O 6. Nf3 Na6 7. Bd3 e5 8. fxe5 dxe5 9. d5 c6 10. O-O cxd5 11. cxd5 Ne8 12. Kh1 Nd6 13. Bg5 f6 14.
Be3 Bd7 15. Qb3 Qa5 16. Rfc1 Rfc8 17. Qd1 Nc5 18. Bxc5 Rxc5 19. a3 Qb6 20. b4 Rc7 21. Qg1 Rac8 22. Qxb6 axb6 23. Ne2 Bh6 24. Rxc7 Rxc7 25.
a4 Bf8 26. a5 bxa5 27. bxa5 Nf7 28. h3 f5 29. Nd2 Bb4 30. Nc4 fxe4 31. Nb2 exd3 32. Nxd3 Bd6 33. Ng3 Bb5 34. Nf2 Bc4 35.
Nge4 Kg7 36. Rd1 Ba6 37. Ng4 Be2 38. Ra1 Bxg4 39. hxg4 Rc4 40. Nd2 Rd4 41. Ra2 Rxd5 42. Ne4 Be7 43. g3 Rd4 44. Re2 Ra4 45. Kg2 Rxa5 46.
Rc2 Ra4 47. Kf3 Ra3+ 48. Kg2 Ng5 49. Nd2 Bd6 50. Rb2 e4 51. Rxb7+ Kh6 52. Nc4 Rxg3+ 53. Kf2 Rf3+ 54. Ke2 Bf4 55. Nb6 Rd3 56. Nd7 Nf3 57.
Nf6 Nd4+ 58. Kf1 Rd1+ 59. Kg2 e3 60. Nxh7 e2 61. Nf8 1-0

[Event "*** SCC Grand Prix: Titled Tuesday Blitz"]
[Site "Chess.com"]
[Date "2020.08.04"]
[Round "5"]
[White "ChessSwole"]
[Black "Gareth-Bale11"]
[Result "1-0"]
[WhiteElo "2397"]
[BlackElo "2756"]
[TimeControl "180+1"]
[EndTime "14:41:44 PDT"]
[Termination "ChessSwole won by resignation"]

1. d4 g6 2. e4 Bg7 3. Nf3 d6 4.
Nc3 a6 5. a4 Nd7 6. Be2 e5 7.
O-O Ne7 8. h3 O-O 9. Bg5 h6 10.
Be3 Nc6 11. Qd2 Kh7 12. Rad1 f5 13. dxe5 dxe5 14. exf5 gxf5 15. Qe1 Ne7 16. Bc4 Qe8 17. Nd5 c6 18. Nc7 Qh5 19. Nxa8 e4 20. Nd4 Ne5 21. Be2 Qf7 22. f4 exf3 23. Nxf3 N7g6 24. Nb6 Be6 25. Bd4 Re8 26. Nxe5 Nxe5 27. Qc3 Qc7 28. a5 Rg8 29. Bf3 Ng6 30. Bxg7 Rxg7 31. Rde1 Bg8 32. Qd3 Nh4 33. Kh1 Qg3 34. Re2 Bf7 35.
Qe3 h5 36. Qf2 Qg5 37. Nd7 Bc4 38. Rd1 Bxe2 39. Qxe2 Ng6 40. Qf2 h4 41. Nc5 Nf4 42. Rd7 Rxd7 43. Nxd7 Ng6 44. Nc5 Qc1+ 45. Kh2 Qf4+ 46.
Kg1 Qc1+ 47. Kh2 Qf4+ 48. Kh1 Qc1+ 49. Qg1 Qxb2 50. Ne6 Qxc2 51. Ng5+ Kh6 52. Nf7+ Kg7 53. Nd8 Qb2 54. Qb6 Qc1+ 55. Qg1 Qb2 56. Ne6+ Kf6 57. Nc5 Qb4 58. Nd7+ Ke7 59. Nb6 Kd6 60. Nc8+ Kc7 61. Na7 Ne5 62. Qf2 Nxf3 63. Qxf3 Qxa5 64. Qf4+ Kb6 65. Nc8+ Kb5 66. Nd6+ Kc5 67. Nxb7+ Kb6 68. Nxa5 Kxa5 69. Qxf5+ 1-0

[Event "*** SCC Grand Prix: Titled Tuesday Blitz"]
[Site "Chess.com"]
[Date "2020.08.04"]
[Round "5"]
[White "MPGM"]
[Black "Baronessa08"]
[Result "0-1"]
[WhiteElo "2524"]
[BlackElo "2397"]
[TimeControl "180+1"]
[EndTime "14:41:46 PDT"]
[Termination "Baronessa08 won by resignation"]

1. d4 d5 2. c4 dxc4 3. e3 Nf6 4. Bxc4 e6 5. Nf3 a6 6. O-O c5 7. Re1 Nc6 8. Nc3 Be7 9. dxc5 Bxc5 10. Bd3 O-O 11.
e4 Ng4 12. Re2 Nb4 13. Bb1 Qxd1+ 14. Nxd1 Rd8 15. Nc3 b5 16. a3 Nd3 17. Bxd3 Rxd3 18.
h3 Nf6 19. Ne5 Rd8 20. Bg5 Bb7 21. Rc1 Bd4 22. Bxf6 gxf6 23. Nf3 Bb6 24. Kf1 Rac8 25. Ne1 Kf8 26. f3 a5 27. Rec2 b4 28. axb4 axb4 29. Ne2 Rxc2 30. Nxc2 b3 31. Na3 Ba6 32. Ke1 Ba5+ 33.
Nc3 Rc8 34. Nb1 Ke8 35. Rd1 Rb8 36. Rd6 Bc4 37. Rc6 Bb5 38. Rc5 Bxc3+ 39. Nxc3 Bd7 40. Kd2 Ra8 41. Nd1 Ra1 42. Rc3 Ba4 43. Rc4 Bb5 44. Rb4 Ba4 45. Nc3 Bd7 46. Rxb3 Rg1 47. g4 Rg2+ 48.
Ke3 Rh2 49. Rb7 Rxh3 50. Ne2 Rh1 51. Nd4 Rb1 52. b4 Rb2 53. Kf4 e5+ 54. Ke3 exd4+ 55. Kxd4 Rb3 56. f4 Ke7 57. f5 h6 58. Kc5 Rg3 59.
b5 Rxg4 60. b6 Rg1 61. Rc7 Rc1+ 62. Kd5 Rxc7 63. bxc7 h5 0-1